 Dungeon Crawl Stone Soup version 0.29-a0-92-gee772dd00f (webtiles) character file.

Game seed: 6494288325245587169

275 dave1331 the Skirmisher (level 6, -3/56 HPs)
             Began as a Hill Orc Fighter on Feb 9, 2022.
             Succumbed to a scorpion's poison
             ... on level 4 of the Dungeon.
             The game lasted 00:14:30 (1690 turns).

dave1331 the Skirmisher (Hill Orc Fighter)          Turns: 1690, Time: 00:14:31

Health: -3/56      AC:  7    Str: 21    XL:     6   Next: 25%
Magic:  6/6        EV:  9    Int:  8    God:
Gold:   72         SH:  4    Dex: 10    Spells: 5/5 levels left

rFire   . . .      SeeInvis .   a - +0 war axe
rCold   . . .      Faith    .   c - +0 buckler
rNeg    . . .      Spirit   .   b - +0 scale mail
rPois   .          Reflect  .   (no helmet)
rElec   .          Harm     .   (no cloak)
rCorr   .          Rampage  .   (no gloves)
Will    .....                   (no boots)
Stlth   ..........              (no amulet)
HPRegen 0.18/turn               (no ring)
MPRegen 0.10/turn               (no ring)

@: lethally poisoned (-3 -> -16)
A: no striking features
a: no special abilities


You were on level 4 of the Dungeon.
You visited 1 branch of the dungeon, and saw 4 of its levels.

You collected 72 gold pieces.

Inventory:

Hand Weapons
 a - a +0 war axe (weapon)
Armour
 b - a +0 scale mail (worn)
 c - a +0 buckler (worn)
 e - a +0 scale mail
Scrolls
 f - a scroll of noise {unknown}
Potions
 d - a potion of degeneration {unknown}


   Skills:
 + Level 5.1 Fighting
 + Level 4.7 Axes
 + Level 4.7 Armour
 + Level 4.6 Shields


You had 5 spell levels left.
You didn't know any spells.
Your spell library was empty.

Dungeon Overview and Level Annotations

Branches:
Dungeon (4/15)
 Temple: D:4-7

Altars:
Okawaru

Shops:
D:4 [


Message History

The giant cockroach closely misses you.
You hit the giant cockroach but do no damage.
You closely miss the kobold.
The giant cockroach bites you but does no damage.
The kobold hits you but does no damage.
The giant cockroach bites you but does no damage.
The kobold hits you but does no damage.
You hit the giant cockroach.
You kill the giant cockroach!
You barely miss the scorpion. You closely miss the kobold.
The scorpion stings you.
* * * LOW HITPOINT WARNING * * *
The kobold misses you.
You barely miss the kobold. You hit the scorpion but do no damage.
The scorpion stings you!
* * * LOW HITPOINT WARNING * * *
The kobold hits you but does no damage. The scorpion closely misses you.
You closely miss the kobold. You closely miss the scorpion.
The kobold hits you but does no damage. The scorpion barely misses you.
You barely miss the kobold. You hit the scorpion.
The scorpion stings you but does no damage.
The kobold hits you but does no damage. You block the scorpion's attack.
The kobold hits you but does no damage.
You hit the kobold.
You kill the kobold!
You slash the scorpion! The scorpion closely misses you.
The scorpion stings you.
* * * LOW HITPOINT WARNING * * *
You hit the scorpion.
The scorpion is severely wounded.
The scorpion closely misses you.
You hit the scorpion but do no damage.
The scorpion is severely wounded.
The scorpion stings you!
* * * LOW HITPOINT WARNING * * *
You are lethally poisoned!
The scorpion poisons you! The scorpion misses you.
You closely miss the scorpion.
The scorpion is severely wounded.
You die...

..# !......# #.## ###
#...... ... .. ....#.#
#.## #. .....##### ...#
#.## #......... .#.##
#..# ##........# .#).#
#.# ###.......... .##.#
#.# #....s.......
.##.####)###.#..@.......
.##.............†)......
########..##.#..........
###.#..##>.......#
#......##........#
#......#....!.....
#......#..........
#......#.[^.......
#.(....# .......


You could see a scorpion.

Vanquished Creatures
  2 ogres (D:4)
  Robin (D:2)
  3 adders
  A dart slug (D:1)
  2 orcs (D:3)
  6 bats
  7 endoplasms
  3 giant cockroaches
  15 goblins
  7 hobgoblins
  A quokka (D:1)
  3 ball pythons
  A frilled lizard (D:2)
  8 kobolds
  6 rats
66 creatures vanquished.

Notes
Turn   | Place    | Note
-------+----------+-------------------------------------------
     0 | D:1      | dave1331 the Hill Orc Fighter began the quest for the Orb.
     0 | D:1      | Reached XP level 1. HP: 19/19 MP: 1/1
    96 | D:1      | Reached XP level 2. HP: 17/27 MP: 2/2
   504 | D:2      | Noticed Robin
   506 | D:2      | Reached skill level 4 in Fighting
   510 | D:2      | Reached XP level 3. HP: 24/33 MP: 3/3
   527 | D:2      | Killed Robin
   891 | D:2      | Reached XP level 4. HP: 10/40 MP: 4/4
  1063 | D:3      | Found an iron altar of Okawaru.
  1588 | D:4      | Found Zuann's Armour Boutique.
  1606 | D:4      | Noticed an ogre
  1615 | D:4      | Killed an ogre
  1616 | D:4      | Reached XP level 5. HP: 29/47 MP: 5/5
  1622 | D:4      | Noticed an ogre
  1632 | D:4      | Killed an ogre
  1633 | D:4      | Reached skill level 5 in Fighting
  1633 | D:4      | Reached XP level 6. HP: 10/56 MP: 6/6
  1689 | D:4      | HP: 1/56 [scorpion (7)]
  1690 | D:4      | Succumbed to a scorpion's poison

Illustrated notes

Levels and vault maps discovered:
D:1:      wander_arrival_desolate, layout_basic, basic_ecumenical_altar,
          kennysheep_another_room
D:2:      layout_basic, kennysheep_nondescript, kennysheep_path_1, uniq_robin
D:3:      layout_loops_corners, okawaru_metal_pillars_1_2, minmay_circle_x
D:4:      layout_rooms, serial_shops, kennysheep_mini, uniq_crazy_yiuf_cottage

Skill      XL: |  1  2  3  4  5 |
---------------+----------------+-----
Axes           | 3 4 |  4.7
Fighting       | 4 5 |  5.1
Armour         | 4 |  4.7
Shields        | 4 |  4.6

Action                   |  1- 3 |  4- 6 || total
-------------------------+-------+-------++-------
Melee: War axe           |    90 |    71 ||   161
  Use: Potion            |     1 |       ||     1
Armor: Scale mail        |    38 |    38 ||    76
Dodge: Dodged            |    48 |    34 ||    82
Block: Buckler           |    18 |    16 ||    34

Table legend: (Time is in decaauts)
 A = Elapsed time spent in this place.
 B = Non-inter-level travel time spent in this place.
 C = Inter-level travel time spent in this place.
 D = Time resting spent in this place.
 E = Time spent auto-exploring this place.
 F = Levels seen in this place.
 G = Mean time per level.
                   A        B        C        D        E       F      G
               +--------+--------+--------+--------+--------+-----+--------+
         Total |   1747 |    436 |   1311 |      0 |      0 |   4 |  436.8 |
       Dungeon |   1747 |    436 |   1311 |      0 |      0 |   4 |  436.8 |
               +--------+--------+--------+--------+--------+-----+--------+

Top non-repeatable levels by time:
     D:2: 706 daAuts
     D:3: 482 daAuts
     D:1: 393 daAuts
     D:4: 165 daAuts
